Workbook

Sheet Resumen
A1: VALORACIÓN TÉCNICA: | B1: E22-0065 "DIGITALIZACIÓN EN FASE II DEL FONDO DOCUMENTAL DE LA AUTORIDAD PORTUARIA DE BALEARES"
A2: EMPRESA / UTE | B2: 1. Memoria Descriptiva. | C2: 2. Plan de Calidad | D2: 3. Medios Técnicos | E2: VT
B3: 20 | C3: 20 | D3: =Gral!B8 -> 10
G4: Comentarios
A5: ELIMINA SL | B5: =Gral!C2 -> 7 | C5: =Gral!C5 -> 16.5 | D5: =Gral!C8 -> 6 | E5: =SUM(B5:D6) -> 29.5 | F5: =IF(E5<=30,"NO ACEPTABLE","ACEPTABLE") -> NO ACEPTABLE | G5: No oferta escáner cenital, que es requisito mínimo en PPT. Así mismo hace mención del cumplimiento de la norma ISO 27001 que es un criterio de adjudicación automático.
A7: GABINET D’INTEGRACIÓ LABORAL, S.L. | B7: =Gral!D2 -> 13 | C7: =Gral!D5 -> 17 | D7: =Gral!D8 -> 7 | E7: =SUM(B7:D8) -> 37 | F7: =IF(E7<=30,"NO ACEPTABLE","ACEPTABLE") -> ACEPTABLE | G7: No oferta escáner cenital, que es requisito mínimo en PPT. Así mismo hace mención del cumplimiento de la norma ISO 27001 que es un criterio de adjudicación automático.
A11: INACEPTABLE ≤60% (30 puntos)
A12: SUFICIENTE >60 % (30 puntos)

Sheet Gral
A1: E22-0065 "DIGITALIZACIÓN EN FASE II DEL FONDO DOCUMENTAL DE LA AUTORIDAD PORTUARIA DE BALEARES" | B1: Peso | C1: =Resumen!A5 -> ELIMINA SL | D1: =+Resumen!A7 -> GABINET D’INTEGRACIÓ LABORAL, S.L.
A2: 1. Memoria Descriptiva (20) máximo 8 páginas | B2: =SUM(B3:B4) -> 20 | C2: =SUM(C3) -> 7 | D2: =SUM(D3) -> 13
A3: Desglose de actuaciones: Se debe explicar, de un modo claro y conciso, cómo piensa que es la mejor manera de ejecutar los trabajos. Para ello se deberá desglosar las actuaciones en etapas secuenciales, ordenadas de una manera lógica y coherente. Para cada etapa se deberán describir los trabajos que se llevan a cabo, qué duración (tiempo de c/u de las etapas) van a tener y qué medios humanos y técnicos van a ser necesarios para llevarlos a cabo. Se deberá indicar el rendimiento de escaneo por hoja (A4, A3 y demás tamaños (en minuto - por hoja)). | B3: 20 | C3: =Desglosado!D4 -> 7 | D3: =Desglosado!F4 -> 13
A4: Metodología: Se valorará el contenido y la utilidad de la metodología propuesta de manera que se describan todos los trabajos a ejecutar, de forma secuencial, cronológica y lógica hasta la finalización de los mismos y los tiempos correspondientes.
A5: 3. Plan de Calidad (20). 5 páginas máximo: Se trata de definir el proceso del control de Calidad: qué se va a hacer como control de calidad, cómo se va a hacer y qué aspectos se contemplarán en el informe mensual del control de calidad. | B5: =SUM(B6:B7) -> 20 | C5: =SUM(C6:C7) -> 16.5 | D5: =SUM(D6:D7) -> 17
A6: Concepción global del Plan de Calidad ajustado al contrato; Proceso del control de calidad: hasta 15 puntos. | B6: 15 | C6: =+Desglosado!D13 -> 11.5 | D6: =+Desglosado!F13 -> 12
A7: También se valorará el seguimiento de la Norma UNE EN-15713 Destrucción segura del material confidencial, en lo que se refiere al transporte (recogida, llegada a las instalaciones) Hasta 5 puntos | B7: 5 | C7: =+Desglosado!D12 -> 5 | D7: =+Desglosado!F12 -> 5
A8: Medios Técnicos (10). 2 páginas máximos | B8: =SUM(B9) -> 10 | C8: =+C9*$B$9/10 -> 6 | D8: =+D9*$B$9/10 -> 7
A9: Se valorará la composición y adecuación de los medios materiales propuestos para la ejecución del contrato. | B9: 10 | C9: =Desglosado!D16 -> 6 | D9: =Desglosado!F16 -> 7
A10: Valoración Técnica VT | C10: =+C2+C8+C5 -> 29.5 | D10: =+D2+D8+D5 -> 37
A12: PUNTUACIÓN ORDINAL | C12: =_xlfn.RANK.EQ(C10,$C$10:$D$10) -> 2 | D12: =_xlfn.RANK.EQ(D10,$C$10:$D$10) -> 1

Sheet Desglosado
A1: E22-0065 "DIGITALIZACIÓN EN FASE II DEL FONDO DOCUMENTAL DE LA AUTORIDAD PORTUARIA DE BALEARES" | D1: =+Resumen!A5 -> ELIMINA SL | F1: =Resumen!A7 -> GABINET D’INTEGRACIÓ LABORAL, S.L.
A2: Descripción/criterios | C2: Peso | D2: Puntuación | E2: Comentarios | F2: Puntuación | G2: Comentarios
A3: =+Gral!A2 -> 1. Memoria Descriptiva (20) máximo 8 páginas
A4: =Gral!A3 -> Desglose de actuaciones: Se debe explicar, de un modo claro y conciso, cómo piensa que es la mejor manera de ejecutar los trabajos. Para ello se deberá desglosar las actuaciones en etapas secuenciales, ordenadas de una manera lógica y coherente. Para cada etapa se deberán describir los trabajos que se llevan a cabo, qué duración (tiempo de c/u de las etapas) van a tener y qué medios humanos y técnicos van a ser necesarios para llevarlos a cabo. Se deberá indicar el rendimiento de escaneo por hoja (A4, A3 y demás tamaños (en minuto - por hoja)). | D4: 7 | E4: Alcance de los trabajos a realizar: • Traslado de los expedientes a las dependencias del contratista en caso de realizar los trabajos en nuestras instalaciones • Preparación de los expedientes para su digitalización • Digitalización de los documentos • Indexación de los documentos del expediente. En esta actuación se describe la creación de carpeta y nombre de expedientes, lo cual correspondería a la tarea de preparación de la documentación para cargar a ODILO. Esta se describe sin considerar el anexo II del apartado 3.2.3 del PPT sobre preparación y carga de la documentación a ODILO A3W. FORMATO NO COINCIDE CON EL REQUERIDO EN PPT. • Control de calidad. • Entrega e integración en ODILO A3W. No se incluye la parte correspondiente a la preparación de la documentación para cargar a ODILO según establece el anexo II. Solo enfoca la atención a la carga a ODILO A3W. • Rearmado del expediente • Devolución del expediente La secuencia que se recoge no contempla la tarea clasificación de la documentación. Se hace mención en otras de las etapas de forma genérica. No se contempla la tareas de preparación de las cajas. Etapas no coincidente con la metodología. Se recogen secuencias diferentes entre un apartado y otro. Cita la entrega previa al rearmado lo cual es ilógico. No se detallan los medios técnicos y humanos para cada una de ellas, solo se indica que se pondrá todos los medios técnicos y físicos para realizar las tareas. No se especifica el tiempo de duración de c/u de las etapas Se incluye la tarea indexación para referirse a la preparación de la documentación para la carga en ODILO. La oferta indica "Para la recogida se realiza en contenedores de diversos modelos, dependiendo del volumen del material confidencial generado y el nivel de seguridad requerido.", destacar que la preparación, traslado de documentos se realizará en cajas y no en contenedores. El adjudicatario señala que "En caso de que la APB no permita la retirada de los elementos, deberá indicar claramente mediante un sistema de señalamiento que no deteriore el documento, tal negativa, por ejemplo: NO PERMITIDA LA DESENCUADERNACIÓN", en el PPT se destaca que "En caso de documentos encuadernados, se consultará con el responsable del contrato si se procede a la digitalización sin alteración de la encuadernación o se retira esta temporalmente para el proceso siempre y cuando lo permita sin sufrir daños." No aporta etapas de forma secuencial ya que pone la entrega antes del rearmado, lo cual es ilógico, no incluye las tareas de clasificación de la documentación. El desglose de las actuaciones en etapas no es coincidente con la descripción de la metodología. No se detallan los tiempos de c/u de las tareas, ni se detalla los medios humanos a utilizar en c/u de estas. Se describen los medios técnicos y humanos Metodología: • Solicitud de digitalización de expediente. Se explica el proceso de petición por parte de la APB. Se destaca el limite de 2 cajas/2expedientes, pero no establece la posibilidad de ampliar según necesidades de la APB. Establece plazo de retirada antes de las 11 de la mañana en siguiente día laborable. Presenta como propuesta 80 minutos para devolución de los expedientes iniciados. • Traslado de los expedientes a las dependencias del contratista en caso de realizar los trabajos en nuestras instalaciones. Se detalla que la recogida se realizará en contenedores y no en cajas, el PPT contempla la utilización de cajas. En este punto se habla del proceso de recogida y transporte, pero en ningún momento se habla de los trabajos de preparación de los documentos en cajas. Se menciona en este punto la preparación conjunta de la documentación con la APB (documentación a trasladar será indizada y numerada y las tareas indicadas por parte del responsable del contrato), pero no se describe, ni desarrolla. • Preparación de los expedientes para su digitalización. Se describe y explica la preparación de la documentación una vez recibidas en las instalaciones del adjudicatario. Señala que se realizará un control de calidad del documentos mediante hoja de control. En esta descripción señala que "En caso de que la APB no permita la retirada de los elementos, deberá indicar claramente mediante un sistema de señalamiento que no deteriore el documento, tal negativa, por ejemplo: NO PERMITIDA LA DESENCUADERNACIÓN", pero cabe destacar que en caso de documentos encuadernados se procederá a consultar a la APB si procede retirar este para su digitalización. Lo recogido en este punto da a entender que si a la hora de digitalizar un documento no este indicado se procederá a retirar sin previa consulta. • Digitalización de los documentos. Descripción suficiente, pero en los formatos no se contempla TIFF. Se detalla el formato de salida PDF. • Indexación de los documentos del expediente. VERIFICAR CON ARCHIVO SI CORRESPONDE DICHA TAREA O NO...No corresponde esta actuación con el expediente. Aunque la descripción coincide con la preparación de la documentación para la carga a ODILO, pero con la particularidad que no se considera las recomendaciones especificas del anexo II. • Rearmado del expediente. Descripción genérica, además, Cabe destacar que pone "El sistema de encuadernamiento se intentará que sea lo más parecido al original, pero en caso de no ser posible, se realizará en encuadernamiento con el sistema que mejor sea para mantener la integridad del documento". • Control de calidad. Descripción completa del procedimiento a seguir • Devolución del expediente. Indica que la devolución del expediente se realizará en los mismo términos que la recogida inicial. • Entrega e integración en ODILO A3W Indica en su oferta lo siguiente "Todo el proceso desde el inicio al final del servicio tomando como base la recepción, proceso y entrega de los resultados de 2 expedientes (máximo establecido por el PPT de la APB) será de 15 días". En ppt se resalta 2 cajas o dos expedientes. La empresa dispone de los recursos mínimos establecidos en el apartado de recursos humanos, pero esta estructura se ampliará lo necesario para cumplir en todo momento con el tiempo máximo establecido para las entregas de los expedientes de 15. Para realizar la petición, se habilitará una cuenta de correo electrónico donde el responsable del archivo o la persona designada por la APB enviará un correo con la solicitud. Se le contestará el correo con un código secuencial que servirá de tracking un todo el ciclo de vida del proceso de digitalización del expediente en cuestión. En su oferta pone "La secuencia de estados puede verse variada en función a una necesidad específica de la APB en la que requiera la devolución del expediente de forma urgente, por lo que en este caso, si el expediente ya había sido preparado para la digitalización o se encuentra en plena digitalización, se suspende el proceso para proceder a rearmar el expediente y entregarlo en la APB en el plazo que estableceremos". Establece un tiempo de devolución del expediente sin finalizar de 80 minutos | F4: 13 | G4: Desglose de las actuaciones: Presenta los apartado en orden de trabajo de las tareas con su respectiva descripción y procedimiento: 1-RECOGIDA DE LA DOCUMENTACIÓN 2- RECEPCIÓN Y CUSTODIA DE LA DOCUMENTACIÓN 3-PREPARACIÓN/CLASIFICACIÓN DE LA DOCUMENTACIÓN 4-DIGITALIZACIÓN DE LA DOCUMENTACIÓN 5-TRATAMIENTO Y GESTIÓN DE INCIDENCIAS 6- ENTREGA DE LA DOCUMENTACIÓN DIGITALIZADA POR EXPEDIENTE 7-ENTREGA DE LA DOCUMENTACIÓN FÍSICA 8- ENTREGA DEFINITIVA DE LA DOCUMENTACIÓN DIGITALIZADA. La secuencia de los trabajos es coherente y lógica, aunque contempla la realización de los trabajos de clasificación de los documentos, en las secuencia de los trabajos lo contempla dentro de sus instalaciones y no el supuesto de realización en la APB, solo indica posibilidad. No contempla la preparación de las cajas, ni el control de calidad como secuencia en la metodología pero lo indica en el apartado CONTROL DE CALIDAD, el cual se realizará en procedo de digitalización, etc. Para nombra/identificar los documentos recoge en su oferta "Los documentos generados en PDF serán identificados con el nombre del expediente, el número de documento, el tipo de documento y fecha (con sistema americano)". NO COINCIDE CON LO ESPECIFICADO EN PPT. Descripción de etapas secuenciadas de forma lógica, falta incluir la tarea de preparación de las cajas, no se contempla el control de calidad . SECUENCIA DE LOS TRABAJOS COHERENTE PERO INCOMPLETA. Contempla los tiempos de c/u de las tareas. Medios humanos y técnicos incompletos, no lo indica en 2 tareas . Metodología: - RECOGIDA DE LA DOCUMENTACIÓN: Apartado desarrollado indicando el lugar de recogida, los medios humanos y técnicos, tiempo de realización de las tareas de recogida y sus etapas . En este punto indica que "...programará la recogida de la documentación objeto de tratamiento que habrá sido previamente seleccionada por el Departamento de Archivo..." No se ha considerado la preparación de las cajas. Recogida entre 24 y 48 h en horario laboral. Contempla la posibilidad de ampliar el limite de documentación al establecido a 3 y 4 con compromiso de entrega de las misma fecha limite del pliego. - RECEPCIÓN Y CUSTODIA DE LA DOCUMENTACIÓN: Aporta plano de ubicación de sus instalaciones con la descripción de la seguridad del recinto. Señala que lo medios humanos de la recogida son los mismo para desempeñar esta tarea. Aporta medios humanos. - PREPARACIÓN/CLASIFICACIÓN DE LA DOCUMENTACIÓN: Describe el procedimiento a seguir de forma precisa para la clasificación de la documentación, preparación previa para la digitalización. Según descripción se prevé estos trabajos en sus instalaciones. Aunque indica "Estas actividades se podrán realizar tanto en las instalaciones de la AUTORITAT PORTUÀRIA DE BALEARS como en las instalaciones de GABINETBALEAR, de forma parcial o total según necesidades o indicaciones del responsable del contrato". Aporta medios humanos necesarios para realizar esta actividades. Se especifican tiempos. - DIGITALIZACIÓN DE LA DOCUMENTACIÓN: Digitalización según indica PPT, selección escáner adecuado según estado de la documentación, gestión de imágenes/documentos en su caso, retorno de documento a caja como se encontraban (sobres, carètas, encuadernado, etc.),proceso mediante software IBM de la documentación digitalizada según orden EHA/962/2007,extracción OCR,ICR,OMR, etc.., formatos de entrega adecuados y hace una mención especial a los soportes digitales explicando el procedimiento mediante almacenaje en carpetas digitales debidamente identificadas, vinculación a metadatos. Enlaza el personal de la fase anterior a esta fase, indicando el porcentaje de reparto de tiempo y actividad para c/u. Recoge "Los documentos generados en PDF serán identificados con el nombre del expediente, el número de documento, el tipo de documento y fecha (con sistema americano)". No coincide la forma de nombrar los expediente según el anexo II del PPT. - TRATAMIENTO Y GESTIÓN DE INCIDENCIAS: Utilización de programa gladtolink para el seguimiento de los trabajos y resolución de incidencias, y que tendrán acceso las personas autorizadas de la APB. Describe el programa, en esta fase no define quien gestionará las incidencias, ni el software. Indica que habrá una interacción mediante está entre la APB y la empresa, pero no detalla medios humanos. SIN MEDIOS HUMANOS, ni tiempo que invertirá en esta tarea. INCOMPLETO. - ENTREGA DE LA DOCUMENTACIÓN DIGITALIZADA POR EXPEDIENTE: Hace mención de la grabación de la documentación en soportes físicos según ppt, y la carga de la documentación digitalizada al programa de archivo de la APB (ODILO A3W). Se estima el tiempo de esta tarea. No se detallan los medios para esta actividad en este punto pero se recoge en la tarea 1.3. - ENTREGA DE LA DOCUMENTACIÓN FÍSICA: Descripción pormenorizada de la devolución física del expediente, con medios humanos y tiempo. - ENTREGA DEFINITIVA DE LA DOCUMENTACIÓN DIGITALIZADA: Indican la entrega de la documentación digitalizada en dispositivo de almacenamiento electrónico según PPT. Descripción desarrollada de la metodología de etapas secuenciadas de forma lógica, pero falta incluir la tarea de preparación de las cajas, en la secuencia solo manifiesta la ejecución de la clasificación en su propia instalación sin hacer referencia de que el orden secuencial de los trabajos se modificaría a motivo de este cambio), no se contempla el control de calidad (falta recoger en la metodología entre cuales fases se realizará la misma). SECUENCIA DE LOS TRABAJOS COHERENTE PERO INCOMPLETA. Contempla los tiempos de c/u de las tareas. Medios humanos y técnicos, pero falta incluir en dos tareas, se considera incompletos. Descripción de etapas completa, donde se especifican de forma detallada los trabajos de cada etapa.
A5: =Gral!A4 -> Metodología: Se valorará el contenido y la utilidad de la metodología propuesta de manera que se describan todos los trabajos a ejecutar, de forma secuencial, cronológica y lógica hasta la finalización de los mismos y los tiempos correspondientes.
E10: - Puntuación: 3 (Desglose de etapas de forma no secuencial y incompleta. El desglose de las actuaciones en etapas no es coincidente con la descripción de la metodología) + 4 (Descripción metodológica sucinta e incompleta) + 0 (No se detallan los tiempos de c/u de las tareas) + 0 (No detalla los medios humanos a utilizar en c/u de las etapas) = 7 | G10: - Puntuación: Puntuación: 4 (Desglose de etapas de forma secuencial coherente y lógica pero incompleta) + 6 (Metodología desarrollada, pero incompleta)+ 2 (incluye todos los tiempos en c/u de las etapas) +1 (indica los medios humanos de pero falta indicar en 2 etapas de las presentadas) = 13
A11: =+Gral!A5 -> 3. Plan de Calidad (20). 5 páginas máximo: Se trata de definir el proceso del control de Calidad: qué se va a hacer como control de calidad, cómo se va a hacer y qué aspectos se contemplarán en el informe mensual del control de calidad.
A12: + Seguimiento de la Norma UNE EN-15713 Destrucción segura del material confidencial, en lo que se refiere al transporte: 0 - 5 | D12: 5 | E12: Indican que cumplirá de forma obligatorio con todo lo establecido en las certificaciones disponibles en la empresa en cuanto a calidad, seguridad de la información y destrucción y traslado de la documentación (ISO 9001, ISO 27001, UNE EN-15713, RGPD, y las disposiciones adicionales requeridas por la APB). Aunque no presenta certificado de la ISO 15713, menciona expresamente su seguimiento. - Puntuación: + 5 (menciona el seguimiento de la ISO 15713) = 5 | F12: 5 | G12: Disponen de Certificación ISO 15713:2010 “Destrucción segura del material confidencial. Código de buenas prácticas”, donde se indica expresamente los “Servicios de destrucción confidencial de datos y documentos en soporte papel y digitales”, incluyendo todas las actividades necesarias para su prestación, entre ellas, en transporte. Adjunta certificado - Puntuación: + 5 (menciona el seguimiento de la ISO 15713) = 5
A13: + Concepción global del Plan de Calidad: 0 - 20 | D13: 11.5 | E13: El control de calidad se realizará desde el inicio del proceso de recogida y hasta la finalización de todo el proceso con la entrega incluida. En cada tarea que presenta explica lo que será objeto de verificación de forma escueta: 1) Recogida 2) Preparación 3) Digitalización e indexación: Aquí se especifica que se verificará el 100% de los documentos para controlar: • Cumplimiento de las Prescripciones Técnicas en general • Formato de la digitalización: color, dpi, brillo, contraste, perfecta visión del documento, alineación, eliminación de márgenes • Documento firmado electrónicamente y con la homologación por parte de la AEAT • Documento con OCR incorporado: realización de búsquedas de palabras dentro del documento • Documento perfectamente referenciado en el índice correspondiente. • Expediente físico en las condiciones iniciales Se pone "Adicionalmente se utilizará la herramienta JHOVE para pasar el test de integridad de los documentos, obteniendo de dicha herramienta el informe correspondiente que será aportado en la entrega de los expedientes a los responsables de la APB" que incluirá: - Identificación de formato de fichero - Validación de la estructura interna del fichero - Verificación de los metadatos del archivo - Detección de problemas técnicos que puedan afectar a la legibilidad del archivo a lo largo del tiempo Detalla que se generará informe por cada expediente que recogerá: Tomo, numero de documentos, páginas digitalizadas en diferentes formatos. 4) Subida de documentos Aporta ejemplo de Informe de acción correctiva/preventiva Aporta ficha del perfil del responsable de calidad, según se establece en las fichas de requisitos por perfil de puesto de trabajo de la ISO 9001. Indica que se realizarán dos informes con periodicidades y contenidos diferentes: Informe por cada expediente, cuyo contenido será: Reporte acumulativo de expedientes digitalizados en el mes y total acumulado hasta la fecha; Mes, total de expedientes, total de documentos A4,A3,planos y otros. Se recogen los detalles de los aspectos a incluir en el informe mensual. La estructura/información recogida se considera sucinta. No se hace control de calidad en el proceso de clasificación, ordenación, elaboración de índice, así como tampoco en el rearmado del expediente en su forma original. - Puntuación: + 10 (Descripción sucinta del Plan de Calidad, no contempla los aspectos de control de medios, se contempla de forma sucinta el control de ejecución particularizado al objeto del contrato, pero se detectan tareas significativas donde no se aplica el control de calidad, Incompleto) + 1,5 (descripción genérica/poco desarrollada del contenido del informe mensual) = 11,5 | F13: 12 | G13: • Supervisión y autocontrol: elementos de verificación de conformidad o no conformidad de los datos e imágenes capturadas por parte de los operadores. Anteriormente descrita en la metodología del servicio, y con alcance del 100% de los documentos tratados. Establece los criterios principales de control; o Cumplimiento de las Prescripciones Técnicas o Correcta alineación de las imágenes digitales, perfecto encuadradas y verticalidad o Inexistencia de márgenes añadidos o Representación fiel e íntegra de la unidad documental o Correcta visibilidad y/o legibilidad (en el caso de documentos textuales). o Inexistencia de imágenes borrosas o Enderezado de imagen o Inexistencia de recortes de información o Ausencia de objetos ajenos al documento o Ausencia de bandas o rayas o Correcta gestión del color o Control de integridad, validez y de coherencia de todos los ficheros: o Test de JHOVE (del que se aportará fichero de logs de resultados). • Inspección y control: elementos de verificación de conformidad o no conformidad con los requisitos establecidos en los protocolos de trabajo del servicio y se refieren tanto a cuestiones materiales como a parámetros de este. Estas actividades son realizadas por el coordinador del servicio de digitalización y consisten: ▪ Supervisión de cuadro de mando de indicadores de la actividad: métricas de desempeño y productividad, donde se pueden identificar situaciones anormales. ▪ Inspecciones físicas aleatorias, registradas en el marco de su sistema de gestión, para comprobar la corrección de todo el proceso (correcta captura de imagen, datos conformes, procedimiento utilizado, etc.) de digitalización. • Auditoría Interna: Revisiones, tanto de proceso como de sistema, que evalúan el grado de adecuación de las actividades a la metodología de trabajo descrita en los protocolos. Se realiza con periodicidad anual. Los procesos de digitalización certificada forman parte del alcance de la certificación del sistema y, por tanto, todas las actividades y procesos vinculados están sometidos a auditoría. • Encuesta de calidad: Se realizará, en el marco de las encuestas mensuales que GABINETBALEAR realiza a sus clientes, un mínimo de una encuesta de calidad de servicio. El alcance de las metodologías indicadas es de aplicación tanto al control de medios, al control de ejecución como al control de servicio terminado. Además de las metodologías indicadas, enfocadas a mecanismos de control, y en el marco de la garantía o aseguramiento de la calidad, también cabe destacar: • Evaluación de incidencias: Sistema de tratamiento y gestión de incidencias que permite la obtención de información útil, así como de indicadores que contribuirán a la mejora continua de la calidad del servicio. La evaluación se realizará con periodicidad mensual. • Reuniones Internas de Coordinación: Sesión de coordinación semanal (como mínimo) para trasladar información (en sentido ascendente y descendente) entre los miembros del equipo de GABINETBALEAR. Se analizarán las principales incidencias, así como las oportunidades de mejora identificadas en el periodo. • Reuniones Externas de Coordinación: el Responsable de Servicio y el Coordinador de servicio mantendrán una reunión periódica, inicialmente de carácter mensual, con las personas designadas por parte de la APB. La frecuencia se adaptará a las circunstancias de cada momento y a los requerimientos de la APB. El control de calidad se enfoca en la digitalización de la documentación. Es el único que se enfoca particularmente en la actividad, los demás controles se presentan de modo genérico: Control de servicio terminado, control de ejecución, etc., pero no particularizado a cada actividad, es decir: control de calidad en el proceso de clasificación, ordenación, elaboración de indice,rearmado del expediente. NO SE RECOGE EL CONTENIDO DE LOS INFORMES MENSUALES DE CONTROL DE CALIDAD. - Puntuación: +12 (Descripción desarrollada del Plan de Calidad contempla control de medios, ejecución y servicio terminado, particularizado al objeto del pliego, pero hay tareas significativas donde no se desarrolla como se aplicará el control de calidad y solo se presenta genéricamente, por lo que se considera Incompleto) + 0 (No detalla contenido del informe mensual) = 12
A15: =Gral!A8 -> Medios Técnicos (10). 2 páginas máximos
A16: Se valorará la composición y adecuación de los medios materiales propuestos para la ejecución del contrato. Se indicará si se trata de medios propios o ajenos. | D16: 6 | E16: Todos los medios presentados son propios de la empresa sin necesidad de subcontratar ningún otro equipo a terceros. Con los medios indicados, tienen una capacidad productiva superior a 48.000 páginas digitalizadas por hora (condicionadas al formado de los documentos). METODOLOGÍA Y TRANSPORTE SEGÚN UNE-EN 15713 1 Diagrama de prestación del servicio 2 Transporte del material de carácter confidencial: No especifica el tipo/tipos de vehículo que va destinar para este servicio. Se limita a indicar unos requisitos básicos a cumplir por los mismos. Equipos para el desarrollo de la actividad del contrato 1 escáner Canon DR-G1100C. Medios propios (• Velocidad de hasta 200 ipm en blanco y negro o color, lo que hace 5.400 documentos hora) 1 escáner Canon DR-G2090. Medios propios (Velocidad de hasta 200 ipm en blanco y negro o color, lo que hace 5.400 documentos hora) 2 cámara Canon 10D con trípode cenital Manfrotto. Medios propios. (Fotografía de alta resolución, Disparo controlado por software, Diversos objetivos para conseguir, tamaños reales (50mm, 105mm, zoom 18-55, zoom 70-200, …) 2 escáneres de planos Contex. Medios subcontratados en caso de necesidad. (Digitalización de planos hasta formato A0+ • Resolución hasta 600dpi) Indica que con los medios recogidas tendrá una capacidad productiva superior a 48.000 páginas digitalizadas por hora (condicionadas al formado de los documentos). No se recoge en la oferta escáneres cenitales. SE PROPONE LA UTILIZACIÓN DE CÁMARA CANON 10D CON TRÍPODE CENITAL MANFROTTO- INCUMPLE REQUISITOS DE LOS MEDIOS TÉCNICOS. Equipo técnico propuesto se suficiente para el desarrollo de los trabajos, pero no se incluye escáner cenital que es requisito del PPT. | F16: 7 | G16: 1. EQUIPOS DE DIGITALIZACIÓN propuestos para la ejecución del servicio: 1.1. MEDIOS PROPIOS • Escáner WideTEK 48CL-600 [1 unidad] – Uso: planos (Escáner A2/A1/A0; Resolución de salida: Hasta 1200 dpi; Lado de escaneado: Anverso/reverso; Velocidad horizontal: Color: 200 dpi y Blanco y negro: 200 dpi) • Escáner CANON DR-G1130 [2 unidades] – Uso: documentación administrativa + planos (Escáner A3/A4 de sobremesa con alimentador; Resolución de salida: Hasta 600 ppp; Lado de escaneado: Anverso/reverso/a doble cara; Velocidad horizontal: Color: 130 ppm / 260 ipm y Blanco y negro: 130 ppm / 200 ipm) • Escáner Fujitsu Fi-7600 [1 unidad] – Uso: documentación administrativa (Escáner A4 de sobremesa con alimentador; Resolución de salida: Hasta 600 ppp; Lado de escaneado: Anverso/reverso/a doble cara; Velocidad horizontal: Color: 80 ppm / 160 ipm y Blanco y negro: 80 ppm / 160 ipm) • Escáner Xerox C8045 [1 unidad] – Uso: documentación administrativa, Escáner A4 de sobremesa con alimentador, Resolución de salida: Hasta 600 ppp 2. EQUIPOS DE APOYO propuestos para la ejecución del servicio. • CPD Principal o Servidor Huawei 2288H V5/2xDDS 32GB 192GB RAM (3 unidades). 2xIntel Xeon Gold 6136 3.0GHz, 6*GE+2*10GE, SFP+ QLOGIC 2*FC HBA 16Gb, 2xfuente alim, SSD, SATA 6Gb/s-32GB, Hot-Swappable 6,00 33,89 203,34, DDR4 RDIMM Memory,32GB,2666MT, System Onsite Repair 24x7 4 Hour Response o Almacenamiento: Storage Model Huawei 5300 V3 (1 unidad). 2U, Dual Ctrl, AC, 32GB, 8*GE, 25*2.5", SPE33C0225. LPU4FC8V3 4 port 8Gb FC I/O module. SmartDedupe & SmartCompression (for LUN)-Hi-Care Application. Versión: V300R006C20. Capacity: 10 TB. System Onsite Repair 24x7 4 Hour Response • CPD DR (Disaster Recovery) o Servidores tipo rack 1U IBM X3550 M2 (3 unidades). IBM System x3550M2 7946 - Servidor montado en bastidor - 1U - 2 vías - 2 x Quad-Core Xeon E5504 / 2.0 GHz RAM 32 GB - SAS - hot-swap 2.5" SAS BR10i - Gigabit Ethernet. IBM HDD 146GB 2,5in SFF SLIM SAS. IBM POWER SUPPLY 675W REDUNDANT. QLogic 4Gb FC Dual-Port PCIe. HBA for IBM System Onsite Repair 24x7 4 Hour Response o Sistemas de Almacenamiento (1 unidad) Cabina externa discos IBM DS3400. Ampliable con 3 cajones adicionales de 12 HD cada uno. Capacidad actual configurada RAID 5 + HD Spare neta 3,15 TB / Capacidad bruta 4TB. IBM System Storage DS3400 Dual Controller. Dual fab cooling and power system. 12 x IBM 450GB 3,5in 15K HS SAS HDD o Switching storage (switches de fibra óptica) (2 unidades). IBM System Storage SAN24B-4. Conmutador - 8 puertos - 8Gb Fibre Channel - fibra óptica. 16 x puertos SFP (mini-GBIC) bajo demanda - 1U. IBM 4-Gbps Optical Transceiver. IBM e-ServicePac On-Site Repair. Equipo técnico propuesto se suficiente para el desarrollo de los trabajos, pero no se incluye escáner cenital que es requisito del PPT.
E18: - Puntuación: 2 (2 Ud. Escaner de planos hasta AO) + 2 (no aporta Escaner de fotografías, aunque aporta 2 cámara con tripode cenital)+ 2 (1 + 1 Uds Escaner de documentos en A4/A3) + (Composición incompleta no aporta Escaner cenital) = 6 puntos | G18: - Puntuación: + 0 ( no aporta Escaner cenital) + 3 (1+2 unds Escaner de planos hasta AO/documentos /A3 ) + 0 (no aporta Escaner de fotografías)+ 2 (2 Uds. Escaner de documentos en A4/planos A4) + 2 (2 Uds. De almacenamiento para CPS ppal. y CPD DR) = 7
D20: =IF(SUM(D4:D18)=SUM(Gral!C3:C4,Gral!C9,Gral!C6:C7,Gral!#REF!),"OK","MAL") -> #REF! | F20: =IF(SUM(F4:F18)=SUM(Gral!D3:D4,Gral!D9,Gral!D6:D7,Gral!#REF!),"OK","MAL") -> #REF!

Sheet comparativa
B2: OLIEGO | C2: =Resumen!A5 -> ELIMINA SL | G2: =Resumen!A7 -> GABINET D’INTEGRACIÓ LABORAL, S.L.
B3: TIPO | C3: UDS | E3: DIMENSIONES | F3: CUMPLE | G3: UDS | I3: CUMPLE
B4: Capacidad de digitalizar hasta formato A0 cenitalmente sin unión de partes. | D4: 6 escáneres Canon DR-G1100C (Velocidad de hasta 200 ipm en blanco y negro o color, lo que hace 5.400 documentos hora; Alimentador de 500 páginas; Capture perfect + VRS) | G4: 1 | H4: Escáner Fujitsu Fi-7600 [1 unidad] – Uso: documentación adminsitrativa (Escáner A4 de sobremesa con alimentador; Resolución de salida: Hasta 600 ppp; Lado de escaneado: Anverso/reverso/a doble cara; Velocidad horizontal: Color: 80 ppm / 160 ipm y Blanco y negro: 80 ppm / 160 ipm)
B5: Escáneres cenitales ccd lineal de barrido vertical de altas prestaciones y con iluminación solo activa en el momento de digitalización. | D5: 2 escáneres Kodak 3520 (en backup) (Velocidad de 70 imágenes por minuto en blanco y negro, lo que representa 4200 imágenes hora.) | G5: 2 | H5: Escáner CANON DR-G1130 [2 unidades] – Uso: documentación administrativa + planos (Escáner A3/A4 de sobremesa con alimentador; Resolución de salida: Hasta 600 ppp; Lado de escaneado: Anverso/reverso/a doble cara; Velocidad horizontal: Color: 130 ppm / 260 ipm y Blanco y negro: 130 ppm / 200 ipm)
B6: Los escáneres a utilizar cuenten con realización de balance de blancos automático, sin necesidad de calibración por mecanismo humano, que pueda derivar en un error de la misma. | D6: 2 escáneres Kodak i1220 para fotografías (45 ppm o 2700 paginas hora en color o b/n; VRS) | G6: 3 | H6: Escáner RICOH MP C4503 [3 unidades] – Uso: documentación administrativa (Escáner A4 de sobremesa con alimentador; Resolución de salida: Hasta 600 ppp; Lado de escaneado: Anverso/reverso/a doble cara; Velocidad horizontal: Color: 110 ppm / 180 ipm y Blanco y negro: 110 ppm / 180 ipm)
D7: 1 escáner cenital Bookeye (Hasta documentos A2; Permite la digitalización y Split de un documento A2 en dos A3 o un A3 en dos A4; Cámara CCD de 22.800 pixeles)
B8: Los escáneres utilizados para el proyecto, con un solo barrido generarán distintos formatos de imágenes, por ejemplo, TIFF como copia de conservación y PDF como difusión, de esta forma garantizan el ahorro de tiempo y perjuicio en la manipulación de la documentación. | C8: 6 | D8: 1 cámara Canon 10D con trípode cenital Manfrotto (Fotografía de alta resolución; Disparo controlado por software; Diversos objetivos para conseguir tamaños reales (50mm, 105mm, zoom 18-55, zoom 70-200, …)).
C9: 2 | D9: 2 escáneres de planos Contex (Digitalización de planos hasta formato A0+; Resolución hasta 600dpi) | G9: 1 | H9: Escáner WideTEK 48CL-600 [1 unidad] – Uso: planos (Escáner A2/A1/A0; Resolución de salida: Hasta 1200 dpi; Lado de escaneado: Anverso/reverso; Velocidad horizontal: Color: 200 dpi y Blanco y negro: 200 dpi)
B10: Backup de escáneres de idénticas condiciones a las solicitadas en el pliego, como reserva durante la ejecución total del proyecto, garantizando de esta manera la no interrupción del servicio. | C10: 2 | G10: • CPD principal | H10: o Servidor Huawei 2288H V5/2xDDS 32GB 192GB RAM (3 unidades). 2xIntel Xeon Gold 6136 3.0GHz, 6*GE+2*10GE, SFP+ QLOGIC 2*FC HBA 16Gb, 2xfuente alim, SSD, SATA 6Gb/s-32GB, Hot-Swappable 6,00 33,89 203,34, DDR4 RDIMM Memory,32GB,2666MT, System Onsite Repair 24x7 4 Hour Response
C11: 1 | H11: o Almacenamiento: Storage Model Huawei 5300 V3 (1 unidad). 2U, Dual Ctrl, AC, 32GB, 8*GE, 25*2.5", SPE33C0225. LPU4FC8V3 4 port 8Gb FC I/O module. SmartDedupe & SmartCompression (for LUN)-Hi-Care Application. Version: V300R006C20. Capacity: 10 TB. System Onsite Repair 24x7 4 Hour Response
C12: 1 | G12: • CPD DR (Disaster Recovery) | H12: o Servidores tipo rack 1U IBM X3550 M2 (3 unidades). IBM System x3550M2 7946 - Servidor montado en bastidor - 1U - 2 vías - 2 x Quad-Core Xeon E5504 / 2.0 GHz RAM 32 GB - SAS - hot-swap 2.5" SAS BR10i - Gigabit Ethernet. IBM HDD 146GB 2,5in SFF SLIM SAS. IBM POWER SUPPLY 675W REDUNDANT. QLogic 4Gb FC Dual-Port PCIe. HBA for IBM System Onsite Repair 24x7 4 Hour Response
C13: 2 | H13: o Sistemas de Almacenamiento (1 unidad) Cabina externa discos IBM DS3400. Ampliable con 3 cajones adicionales de 12 HD cada uno. Capacidad actual configurada RAID 5 + HD Spare neta 3,15 TB / Capacidad bruta 4TB. IBM System Storage DS3400 Dual Controller. Dual fab cooling and power system. 12 x IBM 450GB 3,5in 15K HS SAS HDD
H14: o Switching storage (switches de fibra óptica) (2 unidades). IBM System Storage SAN24B-4. Conmutador - 8 puertos - 8Gb Fibre Channel - fibra óptica. 16 x puertos SFP (mini-GBIC) bajo demanda - 1U. IBM 4-Gbps Optical Transceiver. IBM e-ServicePac On-Site Repair.
